Map: Lockdown LE

Players

Khamsin - Winner!

  • Race: Protoss Protoss

VOD

Have the link to the VOD?

Description

Time

  • Played on: Sept. 22, 2026, 1:09 a.m.
  • Length: 26:17
Show
View Real Time Build Order
Export as new Build Order

Khamsin Protoss - Winner!

Build Orders:  

Get SALT Encoding   

  1  0:00  Probe (Chrono Boost)  
  9  0:12  Probe (Chrono Boost)  
  10  0:25  Probe (Chrono Boost)  
  11  0:42  Probe (Chrono Boost)  
  12  0:59  Probe (Chrono Boost)  
  13  1:06  Pylon  
  13  1:30  Probe (Chrono Boost)  
  14  1:42  Probe (Chrono Boost)  
  14  1:43  Gateway  
  15  1:53  Probe (Chrono Boost)  
  16  2:13  Assimilator  
  16  2:14  Probe (Chrono Boost)  
  18  2:31  Probe (Chrono Boost)  
  18  2:48  Probe (Chrono Boost)  
  19  2:50  Cybernetics Core  
  19  3:24  Nexus  
  20  3:31  Pylon  
  20  3:32  Probe (Chrono Boost)  
  20  3:46  Probe  
  21  3:53  Stalker  
  23  4:03  Probe  
  24  4:13  Shield Battery  
  24  4:20  Probe  
  25  4:37  Pylon  
  25  4:41  Pylon  
  25  4:47  Stalker  
  25  4:55  Warp Gate (Chrono Boost)  
  27  5:17  Robotics Facility  
  27  5:18  Probe (Chrono Boost)  
  27  5:22  Assimilator  
  28  5:30  Probe (Chrono Boost)  
  28  5:31  Probe (Chrono Boost)  
  30  5:42  Probe (Chrono Boost)  
  30  5:44  Probe (Chrono Boost)  
  32  5:55  Probe (Chrono Boost)  
  34  6:01  Probe (Chrono Boost)  
  34  6:06  Gateway  
  34  6:09  Gateway  
  34  6:10  Gateway  
  34  6:18  Probe (Chrono Boost)  
  35  6:20  Stalker  
  37  6:35  Probe (Chrono Boost)  
  38  6:41  Immortal  
  43  6:52  Probe (Chrono Boost)  
  43  7:08  Robotics Bay  
  43  7:09  Probe (Chrono Boost), Assimilator  
  44  7:23  Stalker  
  44  7:26  Probe (Chrono Boost)  
  47  7:43  Probe (Chrono Boost), Zealot  
  47  7:44  Zealot  
  47  7:45  Zealot  
  55  8:00  Probe (Chrono Boost)  
  55  8:05  Twilight Council  
  55  8:17  Probe (Chrono Boost)  
  56  8:27  Forge  
  56  8:28  Forge  
  56  8:32  Pylon  
  56  8:33  Probe (Chrono Boost)  
  56  8:36  Pylon  
  57  8:42  Pylon  
  58  8:50  Probe (Chrono Boost)  
  58  9:07  Probe (Chrono Boost)  
  59  9:16  Assimilator  
  59  9:26  Extended Thermal Lance  
  59  9:28  Probe (Chrono Boost)  
  60  9:45  Probe (Chrono Boost)  
  61  9:51  Nexus  
  62  10:02  Probe (Chrono Boost)  
  62  10:09  Stalker  
  64  10:10  Zealot x2  
  64  10:19  Probe (Chrono Boost)  
  69  10:20  Colossus  
  69  10:26  Protoss Ground Weapons Level 1  
  69  10:27  Protoss Ground Armor Level 1  
  75  10:36  Probe (Chrono Boost)  
  76  10:55  Pylon  
  76  10:59  Pylon  
  77  11:02  Probe (Chrono Boost)  
  77  11:08  Probe (Chrono Boost)  
  78  11:14  Probe (Chrono Boost)  
  79  11:20  Probe (Chrono Boost)  
  79  11:25  Probe (Chrono Boost)  
  79  11:26  Stalker  
  79  11:27  Stalker  
  79  11:28  Zealot  
  79  11:29  Zealot  
  89  11:32  Probe (Chrono Boost)  
  89  11:39  Probe (Chrono Boost)  
  90  11:44  Charge  
  90  11:49  Probe (Chrono Boost)  
  92  11:52  Gateway  
  92  11:53  Gateway  
  92  11:56  Probe (Chrono Boost)  
  92  11:57  Robotics Facility  
  92  11:59  Robotics Facility  
  93  12:05  Probe (Chrono Boost)  
  95  12:11  Probe (Chrono Boost)  
  95  12:17  Assimilator  
  95  12:22  Assimilator  
  95  12:23  Stalker x2  
  95  12:24  Stalker, Zealot  
  95  12:28  Probe (Chrono Boost)  
  104  12:45  Probe (Chrono Boost)  
  105  12:54  Colossus  
  111  13:08  Pylon  
  111  13:11  Pylon  
  111  13:14  Pylon  
  111  13:16  Protoss Shields Level 1  
  111  13:18  Probe (Chrono Boost)  
  108  13:29  Stalker x2  
  100  13:30  Zealot  
  100  13:31  Zealot  
  100  13:35  Probe (Chrono Boost)  
  79  14:01  Stalker  
  79  14:02  Stalker x2  
  79  14:03  Zealot  
  79  14:09  Colossus  
  93  14:17  Probe (Chrono Boost)  
  94  14:34  Probe (Chrono Boost)  
  94  14:36  Blink  
  94  14:38  Colossus x2  
  107  14:46  Zealot  
  107  14:47  Zealot  
  107  14:48  Zealot x2  
  107  14:49  Zealot x2  
  119  14:57  Nexus  
  119  15:04  Probe (Chrono Boost)  
  121  15:21  Probe (Chrono Boost)  
  121  15:24  Colossus  
  127  15:38  Probe (Chrono Boost)  
  128  15:50  Stalker  
  128  15:53  Stalker  
  128  15:54  Stalker  
  128  15:55  Zealot  
  116  16:12  Pylon  
  116  16:16  Pylon  
  116  16:18  Pylon  
  102  16:21  Pylon  
  102  16:27  Colossus x2  
  110  16:31  Stalker x2  
  110  16:32  Stalker, Zealot  
  110  16:33  Zealot  
  110  16:34  Zealot  
  122  17:00  Protoss Ground Weapons Level 2, Protoss Ground Armor Level 2  
  122  17:11  Assimilator  
  122  17:16  Assimilator  
  122  17:23  Gateway  
  122  17:24  Gateway  
  122  17:28  Gateway  
  122  17:29  Stalker  
  124  17:30  Stalker, Zealot  
  124  17:31  Zealot x2  
  124  17:32  Zealot, Gateway  
  128  17:50  Colossus  
  128  17:51  Colossus x2  
  124  19:01  Stalker  
  124  19:02  Stalker  
  124  19:09  Zealot  
  130  19:10  Zealot x2  
  130  19:11  Stalker, Pylon  
  130  19:15  Pylon  
  130  19:18  Colossus x3  
  154  19:38  Stalker  
  154  19:39  Stalker x2  
  160  19:40  Zealot  
  160  19:42  Zealot  
  160  19:43  Zealot  
  160  19:44  Zealot x2  
  160  19:46  Zealot  
  160  19:47  Stalker  
  174  19:59  Pylon  
  174  20:03  Pylon  
  174  20:07  Pylon  
  174  20:22  Protoss Shields Level 2  
  174  20:24  Zealot x2  
  174  20:25  Zealot  
  174  20:26  Zealot  
  174  20:27  Zealot x2  
  174  20:29  Zealot  
  188  20:30  Zealot  
  188  20:32  Zealot  
  188  20:33  Colossus  
  188  20:34  Stalker  
  192  21:14  Stalker  
  192  21:15  Stalker, Zealot  
  192  21:16  Zealot x2  
  198  21:58  Stalker  
  198  21:59  Stalker  
  198  22:52  Stalker  
  194  25:59  Stalker  
  194  26:00  Stalker x2  
  194  26:01  Stalker  
Tags
 
Add a new tag
Caveats
  • Supply blocks, unpowered buildings, or Contaminate may cause inaccurate times.
  • Supply counts are checked every 10 seconds.